 Dungeon Crawl Stone Soup version 0.29-a0-284-gf9362112df (webtiles) character file.

Game seed: 10518850529482415557

1482 snetch the Magician (level 9, -1/56 HPs)
             Began as a Djinni Fire Elementalist on Mar 30, 2022.
             Was a Priest of Makhleb.
             Slain by a kobold brigand
             ... wielding a +0 whip
              (5 damage)
             ... on level 6 of the Dungeon.
             The game lasted 00:17:49 (6390 turns).

snetch the Magician (Djinni Fire Elementalist)      Turns: 6390, Time: 00:17:49

Health: -1/56      AC:  9    Str:  7    XL:     9   Next: 7%
Gold:   280        EV: 12    Int: 21    God:    Makhleb [***...] SH:  0 Dex: 11

rFire   + + .      SeeInvis .   a - +4 dagger of the Heavens {freeze, *Slow rPois rC+++ Dex-3}
rCold   + + .      Faith    .   (no shield)
rNeg    . . .      Spirit   .   k - +0 leather armour
rPois   ∞          Reflect  .   m - +0 helmet
rElec   .          Harm     .   l - scarf {repulsion}
rCorr   .          Rampage  .   E - +0 pair of gloves
Will    .....                   (boots unavailable)
Stlth   ++........              (no amulet)
HPRegen 0.18/turn               s - +4 ring of protection
MPRegen 0.00/turn               (no ring)

@: flying, repel missiles
A: sickness immunity, fire resistance 2, cold vulnerability 1, float, innate
caster, HP casting, extra vitality 1
a: Renounce Religion, Minor Destruction, Lesser Servant of Makhleb


You were on level 6 of the Dungeon.
You worshipped Makhleb.
Makhleb was most pleased with you.
You visited 2 branches of the dungeon, and saw 7 of its levels.

You collected 280 gold pieces.

Inventory:

Hand Weapons
 a - the +4 dagger of the Heavens (weapon) {freeze, *Slow rPois rC+++ Dex-3}
   (You found it on level 2 of the Dungeon)

   It freezes those it strikes, dealing additional cold damage.
   It can also slow down cold-blooded creatures.
   Dex:       It affects your dexterity (-3).
   rC:        It renders you almost immune to cold.
   rPois:     It protects you from poison.
   *Slow:     It may slow you when you take damage.
 b - a +0 trident
 c - a +0 battleaxe
 v - a +0 flail
 C - a +0 halberd
 D - a +1 spear of flaming
Missiles
 e - 177 stones
 p - 18 poisoned darts
 q - 3 boomerangs
 w - 3 javelins
Armour
 k - a +0 leather armour (worn)
 l - a scarf of repulsion (worn)
 m - a +0 helmet (worn)
 u - a +0 ring mail
 y - a +0 scale mail
 E - a +0 pair of gloves (worn)
Jewellery
 s - a +4 ring of protection (left hand)
Scrolls
 f - 9 scrolls of identify {unknown}
 g - a scroll of summoning {unknown}
 h - a scroll of blinking {unknown}
 n - a scroll of noise {unknown}
 o - a scroll of enchant weapon {unknown}
 r - 2 scrolls of fog {unknown}
 B - 3 scrolls of teleportation {unknown}
 F - a scroll of torment {unknown}
Potions
 d - a potion of attraction {unknown}
 i - a potion of ambrosia {unknown}
 j - a potion of lignification
 t - 3 potions of haste {unknown}
 x - 2 potions of mutation {unknown}
 z - 3 potions of curing {unknown}
 A - a potion of heal wounds {unknown}
 G - a potion of brilliance {unknown}


   Skills:
 + Level 0.8 Fighting
 + Level 2.5 Armour
 + Level 3.4 Dodging
 + Level 2.3 Stealth
 + Level 7.8 Spellcasting


You had one spell level left.
You knew the following spells:

 Your Spells              Type           Power      Damage    Failure   Level
a - Foxfire               Conj/Fire      100%       2x1d9     1%          1
b - Scorch                Fire           82%        2d9       1%          2
c - Conjure Flame         Conj/Fire      41%        6-21      1%          3
d - Inner Flame           Hex/Fire       41%        N/A       1%          3
e - Flame Wave            Conj/Fire      41%        2d9       4%          4
f - Apportation           Tloc           82%        N/A       1%          1
g - Ensorcelled Hibernat  Hex/Ice        82%        N/A       1%          2
h - Call Imp              Summ           41%        N/A       1%          2
i - Olgreb's Toxic Radia  Pois           41%        N/A       4%          4
Your spell library was empty.

Dungeon Overview and Level Annotations

Branches:
Dungeon (6/15)             Temple (1/1) D:5

Altars:
Ashenzari
Cheibriados
Dithmenos
Elyvilon
Fedhas
Gozag
Hepliaklqana
Kikubaaqudgha
Makhleb
Nemelex Xobeh
Okawaru
Qazlal
Ru
Sif Muna
Trog
Uskayaw
Vehumet
Wu Jian
Yredelemnul
Zin
The Shining One

Annotations:
D:4 3 runed translucent doors, paterick123's ghost, novice GrFi


Innate Abilities, Weirdness & Mutations

You are immune to sickness and miasma.
You are immune to poison.
Your flesh is very heat resistant. (rF++)
You are vulnerable to cold. (rC-)
You float through the air rather than walking.
You learn spells naturally, not from books.
Your magical power is your life essence.
You have superior vitality. (+4 MHP)


Message History

The flame wave engulfs the ice beast.
The ice beast melts!
The ice beast is lightly wounded.
* * * LOW HITPOINT WARNING * * *
You finish channelling waves of flame.
The water moccasin bites you.
* * * LOW HITPOINT WARNING * * *
The kobold brigand barely misses your crimson imp.
The water moccasin bites you but does no damage.
Your crimson imp blinks!
Casting: Flame Wave (dangerous; 6% risk of failure)
Confirm with . or Enter, or press ? or * to list all spells.
Casting: Flame Wave (dangerous; 6% risk of failure)
Press: ? - help, Dir - look around, f - activate A wave of flame ripples out!
The flame wave engulfs the water moccasin!
The water moccasin is burned terribly!
You kill the water moccasin!
Makhleb accepts your kill.
The flame wave engulfs the necrophage!
The necrophage is almost destroyed. (Press . to intensify the flame waves.)
* * * LOW HITPOINT WARNING * * *
The necrophage hits you but does no damage.
You have reached level 9!
Your experience leads to an increase in your attributes!
Your base attributes are Str 7, Int 19, Dex 14.
Increase (S)trength, (I)ntelligence, or (D)exterity?
You feel clever. x2
The power to cast Olgreb's Toxic Radiance wells up from within.
Spell assigned to 'i'.
A wave of flame ripples out!
The flame wave engulfs the kobold brigand.
The kobold brigand is almost dead.
The flame wave engulfs the necrophage!
You destroy the necrophage!
Makhleb accepts your kill.
The flame wave engulfs the ice beast.
The ice beast melts!
The ice beast is moderately wounded.
* * * LOW HITPOINT WARNING * * *
The kobold brigand hits you with a +0 whip.
You die...

#########
#........
#........
#.)......
#......5.
#)Y).....
#@K).....
#######..


You could see an ice beast (ally target), a kobold brigand and a friendly
crimson imp (summoned).

Vanquished Creatures
  3 water moccasins
  A black bear (D:6)
  An ogre (D:5)
  A phantom (D:4)
  A kobold brigand (D:6)
  A necrophage (D:6)
  6 scorpions
  2 jellies
  A gnoll shaman (D:4)
  2 iguanas (D:6)
  2 orc wizards
  10 adders
  4 gnolls (D:4)
  2 ufetubi
  2 dart slugs
  11 orcs
  6 bats
  6 endoplasms
  3 giant cockroaches
  12 goblins
  10 hobgoblins
  14 jackals
  10 kobolds
  3 quokkas
  4 ball pythons
  3 frilled lizards
  4 rats
125 creatures vanquished.

Vanquished Creatures (collateral kills)
  A scorpion (D:4)
1 creature vanquished.

Vanquished Creatures (others)
  145 foxfires
  A fungus (D:2)
  A plant (D:2)
147 creatures vanquished.

Grand Total: 273 creatures vanquished

Notes
Turn   | Place    | Note
-------+----------+-------------------------------------------
     0 | D:1      | snetch the Djinni Fire Elementalist began the quest for the
                  | Orb.
     0 | D:1      | Reached XP level 1. HP: 15/15 MP: 0/0
   177 | D:2      | Reached XP level 2. HP: 15/21 MP: 0/0
   787 | D:2      | Reached skill level 3 in Spellcasting
   794 | D:2      | Reached XP level 3. HP: 2/25 MP: 0/0
   794 | D:2      | Learned a level 1 spell: Apportation
  1777 | D:2      | Reached XP level 4. HP: 26/31 MP: 0/0
  2187 | D:2      | Identified the +4 dagger of the Heavens {freeze, *Slow
                  | rPois rC+++ Dex-3}
  2218 | D:1      | HP: 2/46 [frilled lizard (1)]
  2848 | D:2      | Found a faded altar of an unknown god.
  2852 | D:2      | Prayed at the altar of an unknown god.
  2852 | D:2      | Became a worshipper of Makhleb the Destroyer
  2852 | D:2      | Reached * piety under Makhleb
  3280 | D:4      | Noticed a phantom
  3287 | D:4      | Killed a phantom
  3288 | D:4      | Reached skill level 4 in Spellcasting
  3288 | D:4      | Reached XP level 5. HP: 31/35 MP: 0/0
  3288 | D:4      | Learned a level 2 spell: Ensorcelled Hibernation
  3367 | D:4      | Reached XP level 6. HP: 31/40 MP: 0/0
  3459 | D:4      | Reached skill level 1 in Armour
  3570 | D:3      | Noticed a water moccasin
  3579 | D:3      | Killed a water moccasin
  3596 | D:3      | HP: 2/41 [orc/+0 whip (3)]
  3598 | D:3      | Reached skill level 5 in Spellcasting
  3945 | D:4      | Reached XP level 7. HP: 38/46 MP: 0/0
  3945 | D:4      | Learned a level 2 spell: Call Imp
  4388 | D:3      | Reached ** piety under Makhleb
  5116 | D:5      | Entered Level 5 of the Dungeon
  5321 | D:4      | Reached skill level 6 in Spellcasting
  5394 | D:4      | Found a runed translucent gate.
  5396 | D:4      | Found a runed translucent gate.
  5396 | D:4      | Noticed paterick123's ghost (novice GrFi)
  5397 | D:4      | Found a runed translucent gate.
  5435 | D:4      | Reached XP level 8. HP: 45/51 MP: 0/0
  5766 | D:5      | Found a staircase to the Ecumenical Temple.
  6003 | Temple   | Entered the Ecumenical Temple
  6370 | D:6      | Reached skill level 7 in Spellcasting
  6370 | D:6      | Reached *** piety under Makhleb
  6390 | D:6      | Reached XP level 9. HP: 5/56 MP: 0/0
  6390 | D:6      | Learned a level 4 spell: Olgreb's Toxic Radiance
  6390 | D:6      | Slain by a kobold brigand

Illustrated notes

Levels and vault maps discovered:
D:1:      heliophobic_arrival_henge, layout_basic
D:2:      layout_basic, shapermc_ecumenical_altar_acropolis
D:3:      layout_loops_corners, chequers_serial_rivers_small_a,
          guppyfry_early_orc_mine
D:4:      layout_rooms, gammafunk_ghost_nasty_kobolds
D:5:      layout_loops_cross, minmay_temple_entry_large_hall
D:6:      layout_basic, minmay_circle_x
Temple:   mainiacjoe_temple_circle_huts

Skill      XL: |  1  2  3  4  5  6  7  8 |
---------------+-------------------------+-----
Spellcasting   | 3 4 5 6 7 |  7.8
Armour         | 1 2 |  2.5
Stealth        | 2 |  2.3
Dodging        | 3 |  3.4
Fighting       | |  0.8

Action                   |  1- 3 |  4- 6 |  7- 9 || total
-------------------------+-------+-------+-------++-------
Melee: Mace              |    11 |     4 |       ||    15
       Dagger            |       |     6 |     7 ||    13
 Cast: Foxfire           |    34 |    20 |    34 ||    88
       Scorch            |     6 |    55 |    50 ||   111
       Ensorcelled Hiber |       |     4 |     2 ||     6
       Call Imp          |       |       |     4 ||     4
       Flame Wave        |       |       |     5 ||     5
  Use: Potion            |       |     2 |       ||     2
 Stab: Sleeping          |       |     1 |       ||     1
Armor: Robe              |    12 |     1 |       ||    13
       Leather armour    |       |    17 |    10 ||    27
       Skin              |       |     5 |       ||     5
Dodge: Dodged            |    25 |    37 |    24 ||    86

Table legend: (Time is in decaauts)
 A = Elapsed time spent in this place.
 B = Non-inter-level travel time spent in this place.
 C = Inter-level travel time spent in this place.
 D = Time resting spent in this place.
 E = Time spent auto-exploring this place.
 F = Levels seen in this place.
 G = Mean time per level.
                   A        B        C        D        E       F      G
               +--------+--------+--------+--------+--------+-----+--------+
         Total |   6409 |   6129 |    280 |   1167 |   3801 |   7 |  915.6 |
       Dungeon |   6061 |   5802 |    259 |   1167 |   3509 |   6 | 1010.2 |
        Temple |    347 |    326 |     21 |      0 |    292 |   1 |  347.0 |
               +--------+--------+--------+--------+--------+-----+--------+

Top non-repeatable levels by time:
     D:1: 1975 daAuts
     D:3: 1671 daAuts
     D:2: 1054 daAuts
     D:4: 1053 daAuts
  Temple: 347 daAuts
     D:5: 279 daAuts
     D:6: 26 daAuts
